 Dungeon Crawl Stone Soup version 0.30.1-3-gfc49f6343a (webtiles) character file.

Game seed: 12206486934663595842

696 safid the Chiller (level 7, -1/55 HPs)
             Began as a Merfolk Ice Elementalist on July 25, 2023.
             Slain by Edmund
             ... wielding a +4 dire flail of protection
              (8 damage)
             ... on level 5 of the Dungeon.
             The game lasted 00:07:28 (4102 turns).

safid the Chiller (Merfolk Ice Elementalist)        Turns: 4102, Time: 00:07:29

Health: -1/55      AC: 10    Str:  9    XL:     7   Next: 64%
Magic:  1/14       EV: 12    Int: 16    God:
Gold:   38         SH:  0    Dex: 14    Spells: 8/15 levels left

rFire   . . .        o - +2 morningstar (flame)
rCold   . . .        (no shield)
rNeg    . . .        a - +0 robe
rPois   .            (no helmet)
rElec   .            (no cloak)
rCorr   .            m - +0 pair of gloves
SInv    .            (no boots)
Will    .....        (no amulet)
Stlth   ++           (no ring)
HPRegen 0.29/turn    (no ring)
MPRegen 0.14/turn

%: no passive effects
@: ice-armoured, freezing walls
A: (nimble swimmer 2), mertail
a: no special abilities


You were on level 5 of the Dungeon.
You visited 1 branch of the dungeon, and saw 5 of its levels.

You collected 269 gold pieces.
You spent 231 gold pieces at shops.

Inventory:

Hand Weapons
 o - a +2 morningstar of flaming (weapon)
Armour
 a - a +0 robe (worn)
 m - a +0 pair of gloves (worn)
Wands
 v - a wand of paralysis (6)
Scrolls
 d - a scroll of torment {unknown}
 f - 3 scrolls of amnesia {unknown}
 g - 2 scrolls of fear
 h - 12 scrolls of identify
 i - 5 scrolls of silence {unknown}
 k - 3 scrolls of immolation {unknown}
 p - 4 scrolls of teleportation {unknown}
 q - 4 scrolls of blinking
 s - a scroll of enchant armour {unknown}
 t - a scroll of enchant weapon {unknown}
Potions
 b - a potion of magic
 c - a potion of brilliance {unknown}
 e - a potion of attraction {unknown}
 j - a potion of heal wounds {unknown}
 l - a potion of ambrosia
 n - a potion of curing
 r - a potion of haste
 u - a potion of flight {unknown}
 w - a potion of mutation {unknown}
 x - a potion of invisibility {unknown}


   Skills:
 + Level 4.9 Fighting
 - Level 2.6 Dodging
 - Level 2.1 Stealth
 + Level 4.7 Spellcasting
 + Level 6.7 Ice Magic


You had 8 spell levels left.
You knew the following spells:

 Your Spells              Type           Power      Damage    Failure   Level
a - Freeze                Ice            100%       1d10      1%          1
b - Frozen Ramparts       Ice            50%        1d8       3%          3
c - Ozocubu's Armour      Ice            25%        N/A       3%          3

Your spell library contained the following spells:

 Spells                   Type           Power      Damage    Failure   Level
 Sting                    Tmut/Pois      12%        1d3       16%         1
 Poisonous Vapours        Pois/Air       6%         N/A       24%         2
 Summon Ice Beast         Ice/Summ       14%        N/A       36%         4
 Mephitic Cloud           Conj/Pois/Air  3%         N/A       43%         3
 Olgreb's Toxic Radiance  Pois           3%         N/A       83%         4
 Freezing Cloud           Conj/Ice/Air   5%         6-21      86%         5
 Summon Forest            Summ/Tloc      1%         N/A       99%         5
 Eringya's Noxious Bog    Tmut/Pois      1%         N/A       100%        6
 Summon Hydra             Summ           1%         N/A       100%        7


Dungeon Overview and Level Annotations

Branches:
Dungeon (5/15)
 Temple: D:4-7

Altars:
Kikubaaqudgha
Uskayaw
Wu Jian
Yredelemnul

Shops:
D:5 ?

Annotations:
D:5 Edmund


Innate Abilities, Weirdness & Mutations

((You are very nimble when in or above water. (Stealth+, EV+, Speed+++)))
Your lower body shifts to a powerful aquatic tail in water.


Message History

The wall freezes the iguana.
The iguana seems to slow down.
Unknown command.
You hit Edmund but do no damage.
Edmund is heavily wounded.
The frozen ramparts melt away.
Edmund hits you with a +4 dire flail of protection!
Edmund hits you with a +4 dire flail of protection.
Unknown command.
Casting: Frozen Ramparts (dangerous; 3% risk of failure)
Confirm with . or Enter, or press ? or * to list all spells.
Casting: Frozen Ramparts (dangerous; 3% risk of failure)
Press: ? - help, Dir - look around, f - activate The walls around you are covered in ice.
The wall freezes Edmund.
Edmund hits you but does no damage.
Unknown command.
You hit Edmund. You burn Edmund.
Edmund is severely wounded.
The wall freezes the iguana.
You kill the iguana!
The wall freezes Edmund but does no damage.
Edmund hits you with a +4 dire flail of protection!
* * * LOW HITPOINT WARNING * * *
You hit Edmund. You burn Edmund.
Edmund is severely wounded.
The wall freezes Edmund but does no damage.
Edmund hits you with a +4 dire flail of protection.
* * * LOW HITPOINT WARNING * * *
The wall freezes Edmund but does no damage.
Edmund barely misses you.
Unknown command.
Casting: Frozen Ramparts (dangerous; 3% risk of failure)
Confirm with . or Enter, or press ? or * to list all spells.
Aiming: Freeze (safe; 1% risk of failure)
Press: ? - help, Shift-Dir - straight line, f - Edmund
Aim: Edmund, wielding a +4 dire flail of protection and wearing a +0 scale mail (severely wounded)
You freeze Edmund.
Edmund is severely wounded.
The wall freezes Edmund but does no damage.
Edmund hits you with a +4 dire flail of protection!
You die...

################
...............#########
............##..@@†.....
...........#.#####...[..
.8........#.## .....
.........#.## ....
..8.....#.## ...
.......#.## ..
.8....#.## . .#...#.###
#####.#..


You could see Edmund.

Vanquished Creatures
  Grinder (D:5)
  An ice beast (D:5)
  An ogre (D:4)
  A scorpion (D:4)
  An orc priest (D:5)
  A hound (D:5)
  2 iguanas (D:5)
  3 gnolls (D:2)
  4 adders
  2 ufetubi (D:5)
  3 dart slugs
  8 orcs
  8 endoplasms
  3 giant cockroaches
  9 goblins
  7 hobgoblins
  11 jackals
  3 kobolds
  2 quokkas (D:2)
  9 ball pythons
  3 bats
  3 frilled lizards
  7 rats
93 creatures vanquished.

Notes
Turn   | Place    | Note
-------+----------+-------------------------------------------
     0 | D:1      | safid the Merfolk Ice Elementalist began the quest for the
                  | Orb.
     0 | D:1      | Reached XP level 1. HP: 13/13 MP: 3/3
   213 | D:1      | Reached XP level 2. HP: 20/20 MP: 1/5
   272 | D:1      | Reached skill level 1 in Fighting
   640 | D:1      | Reached XP level 3. HP: 26/26 MP: 4/6
   644 | D:1      | Learned a level 3 spell: Frozen Ramparts
  1310 | D:1      | Learned a level 3 spell: Ozocubu's Armour
  1440 | D:2      | Found an ornate altar of the Wu Jian Council.
  1452 | D:2      | Reached skill level 5 in Ice Magic
  1453 | D:2      | Reached XP level 4. HP: 24/33 MP: 3/8
  1712 | D:2      | Found a faded altar of an unknown god.
  2322 | D:3      | Reached XP level 5. HP: 39/39 MP: 9/9
  2978 | D:4      | Noticed an ogre
  2986 | D:4      | Killed an ogre
  3108 | D:4      | Reached XP level 6. HP: 34/47 MP: 3/11
  3349 | D:5      | Entered Level 5 of the Dungeon
  3361 | D:5      | Found an ancient bone altar of Kikubaaqudgha.
  3363 | D:5      | Noticed an ice beast
  3374 | D:5      | Killed an ice beast
  3375 | D:5      | Reached skill level 6 in Ice Magic
  3444 | D:5      | Identified the +0 chain mail of Gamp {rC- Will+ MP+9 Int+2}
  3497 | D:5      | Found a basalt altar of Yredelemnul.
  3499 | D:5      | Found a hide-covered altar of Uskayaw.
  3681 | D:5      | Reached XP level 7. HP: 46/54 MP: 9/13
  3727 | D:5      | Noticed Grinder
  3746 | D:5      | Paralysed by Grinder for 3 turns
  3777 | D:5      | Killed Grinder
  3992 | D:5      | Found Pakk's Magic Scroll Shop.
  4002 | D:5      | Bought a scroll of identify for 28 gold pieces
  4002 | D:5      | Bought a scroll of noise for 14 gold pieces
  4002 | D:5      | Bought a scroll of identify for 28 gold pieces
  4002 | D:5      | Bought a scroll of blinking for 105 gold pieces
  4002 | D:5      | Bought a scroll of fear for 56 gold pieces
  4078 | D:5      | Noticed Edmund
  4102 | D:5      | Slain by Edmund

Illustrated notes

Levels and vault maps discovered:
D:1:      roderic_crop_circles_arrival_small, layout_basic
D:2:      minmay_general_purpose_star, layout_basic,
          hellmonk_ecumenical_altar_leap_of_faith, basic_altar, st_stairs_9
D:3:      layout_basic, tso_metal_star, kennysheep_generic_room_8, uniq_natasha,
          uniq_sigmund
D:4:      layout_loops_ring, hangedman_decor_diamond_cutter
D:5:      wad_pebble_path, layout_rooms, kiku_gazebo_pond_becter,
          jmf_multi_god_temple, minmay_shop_grid_forest, uniq_grinder,
          uniq_edmund

Skill      XL: |  1  2  3  4  5  6 |
---------------+-------------------+-----
Fighting       | 1 2 3 4 |  4.9
Ice Magic      | 5 6 |  6.7
Spellcasting   | 3 4 |  4.7
Dodging        | |  2.6
Stealth        | |  2.1

Action                     |  1- 3 |  4- 6 |  7- 9 || total
---------------------------+-------+-------+-------++-------
  Melee: Unarmed           |    21 |       |       ||    21
         Hand axe          |    26 |       |       ||    26
         Dagger            |    19 |     1 |       ||    20
         Morningstar       |       |    58 |    30 ||    88
         Whip              |       |    15 |       ||    15
         Punch             |       |     1 |     2 ||     3
   Cast: Freeze            |    28 |    31 |     1 ||    60
         Frozen Ramparts   |     2 |     5 |     7 ||    14
         Ozocubu's Armour  |       |     2 |     3 ||     5
    Use: Potion            |       |       |     2 ||     2
   Stab: Sleeping          |     2 |     1 |       ||     3
 Armour: Robe              |    13 |    30 |    11 ||    54
  Dodge: Dodged            |    49 |    82 |    25 ||   156
